[Event "ICC tourney 2487 (120 10)"]
[Site "Internet Chess Club"]
[Date "2021.04.04"]
[Round "6"]
[White "GIRISH, NIYATHI:missqueen"]
[Black "BURRE, SRINIVAS:sburreus09"]
[Result "1-0"]
[ICCResult "Black resigns"]
[WhiteElo "1382"]
[BlackElo "1545"]
[Opening "King's pawn opening"]
[ECO "B07"]
[NIC "VO.17"]
[Time "16:17:03"]
[PlyCount "75"]
[TimeControl "7200+10"]

1. e4 d6 2. d4 c6 3. Nf3 Bg4 4. h3 Bh5 5. Nc3 Nd7 6. Bd3 Ngf6 7. Be3 Qc7 8.
g4 Bg6 9. Qe2 e5 10. O-O-O b5 11. dxe5 dxe5 12. Nh4 a5 13. Nxg6 hxg6 14. g5
Nh5 15. a4 b4 16. Nb1 Be7 17. Nd2 O-O 18. Qg4 Nb6 19. b3 c5 20. Nc4 Nd7 21.
Be2 Rfd8 22. Rd5 Nb6 23. Nxb6 Qxb6 24. Rhd1 Bd6 25. Bc4 Qc7 26. h4 Kh7 27.
R1d2 Qe7 28. Qd1 Nf4 29. Rxd6 Rxd6 30. Rxd6 Ra7 31. Bxf4 exf4 32. Qd5 Rc7
33. Rd8 f3 34. e5 Ra7 35. Rc8 Rc7 36. Rxc7 Qxc7 37. Qxf7 Qxf7 38. Bxf7 {
Black resigns } 1-0

[Event "ICC tourney 2487 (120 10)"]
[Site "Internet Chess Club"]
[Date "2021.04.04"]
[Round "6"]
[White "DANIELS, QUINTON:QuintonDaniels"]
[Black "CHUDNOVSKY, MICHELLE:ChunkyApple"]
[Result "1-0"]
[ICCResult "Black checkmated"]
[WhiteElo "1430"]
[BlackElo "1351"]
[Opening "QGD semi-Slav: 5.e3"]
[ECO "D45"]
[NIC "SL.08"]
[Time "16:16:10"]
[PlyCount "123"]
[TimeControl "7200+10"]

1. d4 d5 2. c4 c6 3. Nc3 Nf6 4. e3 e6 5. Nf3 Bb4 6. Qc2 Nbd7 7. Bd3 dxc4 8.
Bxc4 Qc7 9. O-O O-O 10. a3 Bxc3 11. bxc3 b5 12. Bd3 e5 13. Bb2 exd4 14.
cxd4 h6 15. Bxb5 Bb7 16. Rfc1 Rfc8 17. Bd3 c5 18. dxc5 Qxc5 19. Qxc5 Nxc5
20. Bc4 Nfd7 21. Bd4 Ne6 22. Bxe6 fxe6 23. h3 Rxc1+ 24. Rxc1 a6 25. Rc7 Bc8
26. Bxg7 Kxg7 27. Ne5 Kf6 28. Nxd7+ Bxd7 29. Rxd7 a5 30. Kh2 a4 31. Kg3 Ra5
32. h4 h5 33. Rd4 Ke5 34. f4+ Kf5 35. Kf3 e5 36. Re4 exf4 37. exf4 Kf6 38.
Re5 Rxe5 39. fxe5+ Kxe5 40. Ke3 Kf5 41. Kf3 Ke5 42. g4 hxg4+ 43. Kxg4 Kd4
44. h5 Kc3 45. h6 Kb3 46. h7 Kxa3 47. h8=Q Ka2 48. Qc3 a3 49. Qc4+ Ka1 50.
Qc3+ Ka2 51. Qc2+ Ka1 52. Qd1+ Ka2 53. Kf3 Kb2 54. Qd4+ Kb1 55. Qb4+ Ka2
56. Ke3 Ka1 57. Qxa3+ Kb1 58. Qd3+ Kb2 59. Kd4 Kc1 60. Qe2 Kb1 61. Kc3 Ka1
62. Qb2# { Black checkmated } 1-0

[Event "ICC tourney 2487 (120 10)"]
[Site "Internet Chess Club"]
[Date "2021.04.04"]
[Round "6"]
[White "KESKI, KAYA:trickycreeper"]
[Black "XIE, CHARLES:charlestxie"]
[Result "1-0"]
[ICCResult "Black resigns"]
[WhiteElo "1490"]
[BlackElo "1420"]
[Opening "Queen's pawn game"]
[ECO "D00"]
[NIC "QP.08"]
[Time "16:16:06"]
[PlyCount "45"]
[TimeControl "7200+10"]

1. d4 d5 2. e3 Nf6 3. f4 Bf5 4. Nf3 e6 5. Bd3 Nbd7 6. O-O Bd6 7. c3 c6 8.
Qc2 Bxd3 9. Qxd3 O-O 10. Nbd2 Rc8 11. Ne5 c5 12. b3 cxd4 13. exd4 Qa5 14.
Bb2 Ba3 15. Bxa3 Qxa3 16. c4 dxc4 17. Ndxc4 Qa6 18. a4 Rfd8 19. Rae1 Nb6
20. f5 Nxc4 21. bxc4 Rc7 22. Qg3 Kh8 23. Ng6+ { Black resigns } 1-0

[Event "ICC tourney 2487 (120 10)"]
[Site "Internet Chess Club"]
[Date "2021.04.04"]
[Round "6"]
[White "LI, BOYANG:McTiger"]
[Black "GARCIA, CARLOS:cayo89"]
[Result "1-0"]
[ICCResult "Black resigns"]
[WhiteElo "1361"]
[BlackElo "1499"]
[Opening "Philidor: Improved Hanham variation"]
[ECO "B07"]
[NIC "PU.08"]
[Time "16:16:18"]
[PlyCount "95"]
[TimeControl "7200+10"]

1. e4 d6 2. d4 Nf6 3. Nc3 e5 4. Nf3 Nbd7 5. Bc4 Be7 6. O-O O-O 7. h3 c6 8.
a4 a5 9. Be3 Qc7 10. Qd2 exd4 11. Nxd4 Nc5 12. f3 Bd7 13. Rfe1 Rfe8 14.
Rad1 Nh5 15. g4 Nf6 16. Kg2 Rad8 17. Qf2 b6 18. g5 Nh5 19. f4 Nxa4 20. Nxa4
b5 21. Bxb5 cxb5 22. Nc3 Qb7 23. Nd5 f5 24. Qf3 fxe4 25. Nxe7+ Rxe7 26.
Qxh5 g6 27. Qh4 Rf7 28. c3 Re8 29. Qg3 d5 30. Rd2 Qc8 31. Nc2 Bc6 32. Kh2
Qf5 33. Nd4 Qc8 34. Rf1 Bd7 35. Nc2 Be6 36. Bd4 Qc4 37. Ne3 Qc8 38. h4 b4
39. h5 Ree7 40. Qh4 Rg7 41. Bxg7 Rxg7 42. cxb4 axb4 43. Nxd5 Bxd5 44. Rxd5
e3 45. Re5 Qc2+ 46. Kg3 Qe2 47. Qh1 Ra7 48. Qd5+ { Black resigns } 1-0